 Dungeon Crawl Stone Soup version 0.22-a0-858-g985ef60 (webtiles) character file.

21729 Johnny the Geomancer (level 13, -8/96 HPs)
             Began as a Human Earth Elementalist on July 27, 2018.
             Was a High Priest of Vehumet.
             Mangled by a spiny frog (20 damage)
             ... on level 2 of the Lair of Beasts.
             The game lasted 00:30:50 (16747 turns).

Johnny the Geomancer (Human Earth Elementalist)    Turns: 16747, Time: 00:30:51

Health: -8/96      AC: 17    Str:  9    XL:     13   Next: 22%
Magic:  14/26      EV: 17    Int: 22    God:    Vehumet [*****.]
Gold:   612        SH:  0    Dex: 19    Spells: 18/31 levels left

rFire    . . .     SeeInvis .   N - +7 scimitar (flame)
rCold    + . .     Gourm    .   (no shield)
rNeg     . . .     Faith    +   c - +0 troll leather armour
rPois    .         Spirit   .   P - +2 helmet {Int+3}
rElec    .         Reflect  .   a - +2 cloak
rCorr    .         Harm     .   f - +1 pair of gloves
MR       ++...                  i - +2 pair of boots "Iddamiuf" {Dex+4}
Stlth    ++........             R - amulet of Lovolorr {Faith rC+}
HPRegen  0.66/turn              s - ring of protection from magic
MPRegen  0.20/turn              D - ring of protection from magic

@: very slightly contaminated
A: no striking features
a: Renounce Religion


You were on level 2 of the Lair of Beasts.
You worshipped Vehumet.
Vehumet was extremely pleased with you.
You were not hungry.

You visited 3 branches of the dungeon, and saw 16 of its levels.

You collected 792 gold pieces.
You spent 180 gold pieces at shops.

Inventory:

Hand Weapons
 w - a +0 dagger of venom
 N - a +7 scimitar of flaming (weapon)
 S - the +8 falchion of Xopieb {venom, Str+4, unknown}
   (You found it on level 1 of the Lair of Beasts)

   It poisons the flesh of those it strikes.
   It affects your strength (+4).
Missiles
 b - 41 stones (quivered)
Armour
 a - a +2 cloak (worn)
 c - a +0 troll leather armour (worn)
 f - a +1 pair of gloves (worn)
 i - the +2 pair of boots "Iddamiuf" (worn) {Dex+4}
   (You acquired it on level 8 of the Dungeon)

   It affects your dexterity (+4).
 k - a +0 shield
 z - a +2 robe of cold resistance
 O - a +2 hat
 P - a +2 helmet of intelligence (worn)
Jewellery
 s - a ring of protection from magic (left hand)
 x - an uncursed ring of ice
 D - a ring of protection from magic (right hand)
 Q - a cursed ring of teleportation {unknown}
 R - the amulet of Lovolorr (around neck) {Faith rC+}
   (You found it on level 10 of the Dungeon)

   [amulet of faith]

   It allows you to gain divine favour quickly.
   It protects you from cold.
Wands
 m - a wand of scattershot (9)
 G - a wand of digging (25)
 H - a wand of random effects (56)
Scrolls
 h - 2 scrolls of immolation
 j - 7 scrolls of remove curse
 l - 2 scrolls of blinking
 o - 2 scrolls of fear
 u - 2 scrolls of noise
 v - 4 scrolls of amnesia {unknown}
 y - 4 scrolls of teleportation
 B - 2 scrolls of silence {unknown}
 C - a scroll of magic mapping {unknown}
 I - 5 scrolls of enchant armour {unknown}
 K - a scroll of fog {unknown}
 M - a scroll of torment {unknown}
Potions
 e - a potion of magic
 g - 4 potions of curing
 n - 3 potions of agility {unknown}
 p - 2 potions of ambrosia {unknown}
 q - a potion of haste {unknown}
 r - 2 potions of resistance {unknown}
 t - a potion of berserk rage {unknown}
 A - 2 potions of might {unknown}
 E - a potion of heal wounds {unknown}
 F - 3 potions of degeneration {unknown}
 J - 2 potions of lignification {unknown}
 L - 2 potions of flight {unknown}
Comestibles
 d - 11 rations


   Skills:
 + Level 7.1 Fighting
 + Level 7.0 Armour
 + Level 7.7 Dodging
 - Level 2.0 Stealth
 + Level 7.0 Shields
 * Level 9.7 Spellcasting
 - Level 1.0 Transmutations
 * Level 10.7 Earth Magic
 + Level 5.8 Evocations


You had 18 spell levels left.
You knew the following spells:

 Your Spells              Type           Power        Failure   Level  Hunger
a - Sandblast             Erth           ######       1%          1    None
b - Stone Arrow           Conj/Erth      ####..       1%          3    None
c - Lee's Rapid Deconstr  Erth           ######....   1%          5    ####...
d - Petrify               Tmut/Erth      #####...     8%          4    ##.....

Your spell library contained the following spells:

 Spells                   Type           Power        Failure   Level  Hunger
 Apportation              Tloc           ##....       9%          1    None
 Confuse                  Hex            ##......     24%         3    None
 Summon Small Mammal      Summ           ##..         9%          1    None
 Animate Skeleton         Necr           N/A          9%          1    None
 Tukima's Dance           Hex            ##......     24%         3    None
 Confusing Touch          Hex            ##....       9%          1    None
 Passwall                 Tmut/Erth      #####...     1%          2    None
 Ensorcelled Hibernation  Hex/Ice        ##....       12%         2    None
 Corona                   Hex            ##.....      9%          1    None
 Dazzling Spray           Conj/Hex       ##....       7%          3    None


Dungeon Overview and Level Annotations

Branches:
Dungeon (13/15)            Temple (1/1) D:7            Lair (2/6) D:11
    Orc (0/2) D:11
  Swamp: Lair:2-4    Shoals: Lair:2-4     Snake: Lair:2-4    Spider: Lair:2-4
 Vaults: D:13-14

Altars:
Ashenzari
Cheibriados
Dithmenos
Elyvilon
Fedhas
Gozag
Hepliaklqana
Kikubaaqudgha
Makhleb
Nemelex Xobeh
Okawaru
Qazlal
Ru
Sif Muna
Trog
Uskayaw
Vehumet
Wu Jian
Xom
Yredelemnul
Zin
The Shining One
Beogh

Shops:
D:9 [[   D:11 ([

Annotations:
D:13 Azrael
Lair:1 exclusion: 2 oklob plants


Message History

Aiming: Stone Arrow (safe; 1% risk of failure)
Press: ? - help, Shift-Dir - straight line, f/p - spiny frog
Aim: a spiny frog (lightly wounded)
The stone arrow hits the spiny frog.
The spiny frog is moderately wounded.
Casting: Stone Arrow (safe; 1% risk of failure)
Confirm with . or Enter, or press ? or * to list all spells.
Aiming: Stone Arrow (safe; 1% risk of failure)
Press: ? - help, Shift-Dir - straight line, f/p - spiny frog
Aim: a spiny frog (moderately wounded)
The stone arrow misses the spiny frog.
Casting: Stone Arrow (safe; 1% risk of failure)
Confirm with . or Enter, or press ? or * to list all spells.
Aiming: Stone Arrow (safe; 1% risk of failure)
Press: ? - help, Shift-Dir - straight line, f/p - spiny frog
Aim: a spiny frog (moderately wounded)
The stone arrow hits the spiny frog.
The spiny frog is moderately wounded.
The spiny frog stings you!!
You die...

##Y†##††...#...##.....#.......###
F.##.†#§...#...##.....##......>..
##....#....#....#.....##.........
#F...#...#.....#...........#.....
####....##.⌠...............#.....
##.###...#.......####.#.....#....
#....###.........##.##.P...P#.P..
..P....###.....F...........####.#
#........#......@................
#..###........#...#####.##.####.#
##...#........##### ### ## #.#
#....#....#### ### #.........##
#..........# #PP..P###### #######


You could see a spiny frog.

Vanquished Creatures
  Frances (D:12)
  Fannar (D:12)
  A hydra (Lair:1)
  Erica (D:9)
  A two-headed ogre (D:10)
  Nergalle (D:12)
  3 unseen horrors
  3 ugly things
  A cyclops (D:13)
  Joseph (D:7)
  4 spiny frogs
  A rime drake (Lair:2)
  A centaur skeleton (D:11)
  A gargoyle (D:12)
  2 trolls
  A hornet (D:8)
  3 polar bears (D:9)
  A slime creature (D:13)
  The ghost of iamserjio the Digger, an amateur BaEE (D:4)
  A spriggan (Lair:1)
  2 hippogriffs
  2 wraiths
  Eustachio (D:5)
  2 basilisks (Lair:2)
  A fire elemental (D:12)
  7 yaks (Lair:1)
  2 hungry ghosts
  Duvessa (D:7)
  2 hell hounds (D:12)
  An acid dragon (D:9)
  3 water moccasins
  A porcupine (Lair:1)
  7 orc warriors
  4 ice beasts
  A phantom (D:11)
  A black bear (D:8)
  2 sky beasts
  3 wolves
  A necrophage (D:5)
  5 ogres
  5 centaurs
  3 crocodiles
  A big kobold (D:10)
  6 bullfrogs
  A water moccasin skeleton (D:7)
  Dowan (D:7)
  31 killer bees
  6 wights
  4 crimson imps
  4 howler monkeys
  8 hounds
  A quasit (D:9)
  5 jellies
  5 orc priests
  2 bullfrog skeletons
  Terence (D:1)
  4 orc wizards
  3 iguanas
  7 worker ants
  A hound skeleton (D:4)
  A worker ant zombie (D:11)
  Robin (D:2)
  A river rat (Lair:2)
  13 adders
  3 white imps (D:9)
  An adder skeleton (D:5)
  3 worms
  An adder simulacrum (D:9)
  8 leopard geckos
  34 orcs
  2 ball pythons
  5 bats
  4 giant cockroaches
  5 hobgoblins
  2 jackals (D:3)
  8 kobolds
  4 quokkas
  6 frilled lizards
  A giant cockroach zombie (D:3)
  19 goblins
  A leopard gecko skeleton (D:4)
  A quokka skeleton (D:5)
  9 rats
  A toadstool (D:1)
312 creatures vanquished.

Vanquished Creatures (others)
  A fungus (Lair:2)
  8 plants
  3 toadstools (D:1)
12 creatures vanquished.

Grand Total: 324 creatures vanquished

Notes
Turn   | Place    | Note
-------+----------+-------------------------------------------
     0 | D:1      | Johnny the Human Earth Elementalist began the quest for the Orb.
     0 | D:1      | Reached XP level 1. HP: 13/13 MP: 3/3
   270 | D:1      | Reached XP level 2. HP: 19/19 MP: 0/5
   879 | D:2      | Reached XP level 3. HP: 25/25 MP: 6/6
   926 | D:2      | Noticed Robin
   939 | D:2      | Noticed Terence
  1380 | D:2      | Killed Robin
  1380 | D:2      | Reached skill level 1 in Armour
  1380 | D:2      | Reached XP level 4. HP: 29/31 MP: 0/7
  1501 | D:3      | Learned a level 3 spell: Stone Arrow
  2509 | D:3      | Reached XP level 5. HP: 35/36 MP: 9/9
  2551 | D:3      | Reached skill level 1 in Fighting
  3142 | D:1      | Killed Terence
  3237 | D:4      | Reached skill level 1 in Shields
  3237 | D:4      | Reached skill level 4 in Earth Magic
  3265 | D:4      | Reached XP level 6. HP: 18/43 MP: 7/10
  3910 | D:4      | Found a glowing golden altar of the Shining One.
  4156 | D:4      | Noticed an ogre
  4161 | D:4      | Killed an ogre
  4161 | D:4      | Reached XP level 7. HP: 23/49 MP: 8/12
  4582 | D:4      | Found a runed gate.
  4582 | D:4      | Noticed iamserjio's ghost (amateur BaEE)
  4583 | D:4      | Found a runed gate.
  4583 | D:4      | Found a runed gate.
  4763 | D:4      | Found a roughly hewn altar of Beogh.
  4804 | D:5      | Entered Level 5 of the Dungeon
  5178 | D:5      | Noticed Eustachio
  5194 | D:5      | Reached skill level 5 in Earth Magic
  5268 | D:5      | Killed Eustachio
  5268 | D:5      | Reached XP level 8. HP: 26/57 MP: 10/14
  5507 | D:5      | Found an ancient bone altar of Kikubaaqudgha.
  5510 | D:5      | Found a sacrificial altar of Ru.
  5513 | D:5      | Found a stormy altar of Qazlal.
  5516 | D:5      | Found a shimmering altar of Xom.
  6163 | D:6      | Reached skill level 5 in Spellcasting
  6391 | D:7      | Found a hide-covered altar of Uskayaw.
  6391 | D:7      | Found a staircase to the Ecumenical Temple.
  6399 | Temple   | Entered the Ecumenical Temple
  6546 | Temple   | Became a worshipper of Vehumet
  6691 | D:7      | Reached skill level 6 in Earth Magic
  6691 | D:7      | Reached XP level 9. HP: 60/64 MP: 11/16
  7109 | D:7      | Noticed Dowan
  7117 | D:7      | Killed Dowan
  7118 | D:7      | Noticed Duvessa
  7406 | D:7      | Killed Duvessa
  7466 | D:7      | Noticed Joseph
  7475 | D:7      | Killed Joseph
  7849 | D:8      | Reached skill level 1 in Evocations
  7880 | D:8      | Identified a scroll of acquirement
  7889 | D:8      | Got a pair of ancient boots
  7895 | D:8      | Identified the +2 pair of boots "Iddamiuf" {Dex+4} (You acquired it on level 8 of the Dungeon)
  7913 | D:7      | Noticed a rust devil
  7913 | D:7      | Noticed a rust devil
  8109 | D:8      | Learned a level 5 spell: Lee's Rapid Deconstruction
  8402 | D:8      | Reached * piety under Vehumet
  8402 | D:8      | Offered knowledge of Shock by Vehumet.
  8488 | D:8      | Noticed a hornet
  8499 | D:8      | Killed a hornet
  8499 | D:8      | Reached skill level 7 in Earth Magic
  8806 | D:9      | Found Mone's Armour Shop.
  8822 | D:9      | Noticed Erica
  8828 | D:8      | Reached skill level 5 in Dodging
  8828 | D:8      | Reached XP level 10. HP: 24/72 MP: 10/19
 10020 | D:9      | Killed Erica
 10020 | D:9      | Reached skill level 5 in Fighting
 10020 | D:9      | Reached skill level 8 in Earth Magic
 10239 | D:9      | Offered knowledge of Throw Flame by Vehumet.
 10349 | D:9      | Reached skill level 5 in Armour
 10353 | D:9      | Reached ** piety under Vehumet
 10554 | D:9      | Reached XP level 11. HP: 62/80 MP: 22/22
 10558 | D:9      | Found a deep blue altar of Sif Muna.
 10692 | D:9      | Found Migudgh's Antique Armour Boutique.
 10697 | D:9      | Bought a glowing helmet for 180 gold pieces
 10954 | D:9      | Reached skill level 5 in Shields
 11138 | D:10     | Entered Level 10 of the Dungeon
 11169 | D:10     | Got a crude emerald amulet
 11171 | D:10     | Identified the amulet of Lovolorr {Faith rC+} (You found it on level 10 of the Dungeon)
 11393 | D:10     | Killed an unseen horror
 11663 | D:10     | Noticed a two-headed ogre
 11672 | D:10     | Killed a two-headed ogre
 12257 | D:11     | Offered knowledge of Dazzling Spray by Vehumet.
 12341 | D:11     | Killed an unseen horror
 12341 | D:11     | Reached skill level 9 in Earth Magic
 12724 | D:11     | Found a staircase to the Lair.
 12806 | D:11     | Found Dyshroptu's Weapon Boutique.
 12808 | D:11     | Found a staircase to the Orcish Mines.
 12810 | D:11     | Found Qupa's Armour Boutique.
 12814 | D:11     | Reached *** piety under Vehumet
 12879 | D:11     | Noticed a white ugly thing
 13002 | D:11     | Killed a white ugly thing
 13160 | D:12     | Noticed a brown ugly thing
 13170 | D:12     | Killed a brown ugly thing
 13198 | D:12     | Noticed Frances
 13299 | D:12     | Noticed Nergalle
 13308 | D:12     | Learned a level 4 spell: Petrify
 13317 | D:12     | Killed Nergalle
 13341 | D:12     | Offered knowledge of Ignite Poison by Vehumet.
 13614 | D:12     | Reached XP level 12. HP: 57/88 MP: 3/24
 13852 | D:12     | Killed Frances
 13896 | D:12     | Killed an unseen horror
 13896 | D:12     | Reached skill level 5 in Evocations
 14104 | D:12     | Noticed Fannar
 14239 | D:12     | Killed Fannar
 14315 | D:13     | Reached skill level 10 in Earth Magic
 14536 | D:13     | Noticed Azrael
 14562 | D:12     | Reached **** piety under Vehumet
 14809 | D:4      | Offered knowledge of Bolt of Magma by Vehumet.
 14811 | D:4      | Killed iamserjio's ghost
 14839 | D:4      | Got a steaming ring mail
 14974 | Lair:1   | Entered Level 1 of the Lair of Beasts
 15052 | Lair:1   | Identified the +2 ring mail "Elepoic" {*Contam rElec Str+4 Int-5} (You took it off an orc on level 4 of the Dungeon)
 15852 | Lair:1   | Noticed a seven-headed hydra
 15859 | Lair:1   | Killed a seven-headed hydra
 15859 | Lair:1   | Reached XP level 13. HP: 95/95 MP: 8/26
 16273 | Lair:1   | Got an ancient falchion
 16720 | Lair:2   | Reached ***** piety under Vehumet
 16747 | Lair:2   | Mangled by a spiny frog

Vault maps used:
D:1:      ldierk_water_garden
D:2:      uniq_robin, uniq_terence
D:3:      cheibrodos_sewer_entry_drain, first_ration
D:4:      nicolae_overflow_crystal_walls, biasface_ghost_orc_armoury,
          hangedman_decor_riveting
D:5:      grunt_temple_overflow_cloverleaf, uniq_eustachio
D:7:      cheibrodos_iron_armory, lemuel_crystal_altar,
          minmay_temple_entry_butterflies, uniq_joseph, uniq_duvessa
D:9:      serial_ice, serial_ice_m, serial_ice_i, serial_ice_c, serial_ice_h,
          serial_shops, shop, nicolae_shop_behind_doors, basic_altar, uniq_erica
D:11:     lair_entry_dummy, orc_david_3
D:12:     uniq_nergalle, uniq_fannar, uniq_frances
D:13:     lightli_vaults_fourway_checkpoint, serial_shops,
          kennysheep_little_box, special_room, nicolae_trove_entry_crossroad,
          uniq_kirke, uniq_azrael, uniq_sonja
Temple:   eino_temple_scatter_basement
Lair:1:   grunt_forest_large_clearing_hut, grunt_megastairs_2,
          minmay_lair_oklob_chamber
Lair:2:   regret_index_wax_grids, minmay_shoals_entry_centaurs,
          cheibrodos_lair_caveside_slide, cheibrodos_lair_reptile_den

Skill      XL: |  1  2  3  4  5  6  7  8  9 10 11 12 13 |
---------------+----------------------------------------+-----
Armour         | 1 2 3 4 5 6 7 |  7.0
Fighting       | 1 2 3 4 5 6 7 |  7.1
Spellcasting   | 3 4 5 6 7 8 9 |  9.7
Shields        | 1 2 3 4 5 6 7 |  7.0
Earth Magic    | 4 5 6 7 8 9 10 | 10.7
Dodging        | 3 4 5 6 7 |  7.7
Evocations     | 1 3 4 5 |  5.8
Stealth        | |  2.0
Transmutations | |  1.0

Action                   |  1- 3 |  4- 6 |  7- 9 | 10-12 | 13-15 || total
-------------------------+-------+-------+-------+-------+-------++-------
Melee: Unarmed           |    22 |       |       |       |       ||    22
       Dagger            |    35 |   223 |   204 |    21 |       ||   483
       Scimitar          |       |       |       |   158 |    64 ||   222
Throw: Stone             |       |       |       |     2 |       ||     2
 Cast: Sandblast         |    36 |    59 |    99 |    90 |     7 ||   291
       Stone Arrow       |       |     5 |    12 |   132 |    16 ||   165
       Lee's Rapid Decon |       |       |       |    33 |     1 ||    34
       Petrify           |       |       |       |     3 |       ||     3
Evoke: Wand              |       |       |     7 |    13 |       ||    20
  Use: Scroll            |       |     1 |     9 |     7 |     4 ||    21
       Potion            |       |       |     4 |     1 |     1 ||     6
 Stab: Sleeping          |     2 |     6 |     1 |     5 |     1 ||    15
  Eat: Chunk             |     2 |    10 |     5 |     8 |       ||    25
       Ration            |       |       |     3 |     7 |     1 ||    11
Armor: Robe              |    14 |    53 |    75 |   105 |       ||   247
       Troll leather arm |       |       |       |    71 |    65 ||   136
Dodge: Dodged            |    43 |   163 |   170 |   319 |   156 ||   851
       Rpst.: Scimitar   |       |       |       |    78 |    47 ||   125

Table legend:
 A = Spawn XP
 B = Non-spawn XP
 C = Spawn XP percentage of total XP
 D = Spawn monster count
 E = Non-spawn monster count
 F = Spawn count percentage of total count
 G = Total turns spent on level
                    A         B        C        D         E        F      G
               +---------+---------+-------+---------+---------+-------+---------
         Total |       0 |   31042 |   0.0 |       0 |     311 |   0.0 | 16747
               +---------+---------+-------+---------+---------+-------+---------
           D:1 |       0 |      61 |   0.0 |       0 |      19 |   0.0 |  1135
           D:2 |       0 |      79 |   0.0 |       0 |      27 |   0.0 |  1176
           D:3 |       0 |      69 |   0.0 |       0 |      27 |   0.0 |   903
           D:4 |       0 |     872 |   0.0 |       0 |      27 |   0.0 |  1682
           D:5 |       0 |     830 |   0.0 |       0 |      19 |   0.0 |   951
           D:6 |       0 |     272 |   0.0 |       0 |       6 |   0.0 |   923
           D:7 |       0 |    1257 |   0.0 |       0 |      14 |   0.0 |  1102
           D:8 |       0 |     890 |   0.0 |       0 |      14 |   0.0 |  1217
           D:9 |       0 |    4496 |   0.0 |       0 |      39 |   0.0 |  2112
          D:10 |       0 |    2399 |   0.0 |       0 |      11 |   0.0 |  1310
          D:11 |       0 |    2867 |   0.0 |       0 |      22 |   0.0 |   763
          D:12 |       0 |    7768 |   0.0 |       0 |      31 |   0.0 |  1284
          D:13 |       0 |    1621 |   0.0 |       0 |       8 |   0.0 |   259
        Lair:1 |       0 |    4130 |   0.0 |       0 |      18 |   0.0 |  1395
        Lair:2 |       0 |    3431 |   0.0 |       0 |      29 |   0.0 |   378
               +---------+---------+-------+---------+---------+-------+---------
